Map: Acid Plant LE

Players

Groovyman - Winner!

  • Race: Zerg Zerg
  • League: Grandmaster
  • Spawn Location: 11:00

HeIdErN

  • Race: Zerg Zerg
  • League: Master
  • Spawn Location: 5:00

VOD

Have the link to the VOD?

Description

this game features some sick micro and also 100+ banelings

Time

  • Played on: March 4, 2018, 3:07 p.m.
  • Length: 17:09
Show
View Real Time Build Order
Export as new Build Order

Groovyman Zerg - Winner!

Build Orders: Hatch First 

Get SALT Encoding   

  12  0:00  Drone  
  13  0:13  Overlord  
  13  0:19  Drone  
  13  0:20  Extractor  
  13  0:23  Drone  
  15  0:33  Drone  
  16  0:37  Drone  
  17  0:54  Hatchery  
  16  0:57  Drone  
  16  1:00  Drone  
  18  1:07  Extractor  
  17  1:17  Spawning Pool  
  16  1:20  Drone  
  16  1:24  Drone  
  18  1:29  Drone  
  19  1:39  Overlord  
  19  2:04  Zergling x4  
  19  2:06  Queen x2  
  25  2:09  Metabolic Boost  
  25  2:13  Drone  
  26  2:23  Drone  
  26  2:24  Drone x2  
  29  2:30  Zergling x2  
  30  2:38  Drone, Baneling Nest  
  30  2:41  Overlord  
  30  2:45  Drone  
  31  2:54  Drone  
  31  3:09  Zergling x6, Extractor  
  32  3:15  Drone x4  
  32  3:16  Drone x2  
  32  3:18  Zergling x2  
  40  3:28  Hatchery  
  40  3:30  Baneling x2  
  39  3:37  Overlord  
  39  3:38  Zergling x2  
  40  3:43  Overlord  
  40  3:49  Lair  
  40  3:54  Roach Warren, Extractor  
  38  3:57  Drone  
  38  3:58  Drone  
  38  3:59  Drone  
  38  4:06  Drone x3  
  38  4:09  Drone  
  42  4:10  Drone  
  42  4:12  Drone  
  44  4:18  Zergling x2  
  44  4:19  Zergling x2  
  44  4:21  Baneling x2  
  46  4:36  Zergling x6  
  46  4:38  Roach  
  48  4:56  Glial Reconstitution, Roach x3  
  48  4:58  Queen  
  56  5:00  Drone x2  
  56  5:01  Overlord x2  
  56  5:03  Overlord  
  57  5:10  Baneling  
  57  5:14  Extractor  
  54  5:17  Drone x3, Evolution Chamber  
  54  5:18  Drone  
  54  5:20  Drone x3  
  54  5:21  Drone, Overlord  
  61  5:28  Overlord x2  
  61  5:32  Drone x2  
  63  5:43  Drone x3, Zerg Missile Weapons Level 1, Extractor  
  63  5:48  Roach x3  
  71  5:55  Hydralisk Den  
  70  6:04  Queen  
  70  6:05  Queen x2  
  70  6:08  Drone x2  
  70  6:09  Drone  
  79  6:18  Roach  
  79  6:19  Roach x2  
  85  6:25  Spore Crawler  
  85  6:27  Muscular Augments  
  85  6:28  Spore Crawler  
  85  6:29  Drone x2  
  85  6:31  Drone, Spore Crawler  
  81  6:52  Drone  
  81  6:53  Drone x10, Hydralisk x3  
  90  7:02  Queen x2  
  88  7:12  Drone x2  
  88  7:14  Spore Crawler, Queen  
  91  7:27  Hydralisk x2  
  91  7:28  Hydralisk  
  97  7:41  Overlord x4  
  97  7:42  Overlord  
  97  7:43  Zerg Missile Weapons Level 2  
  97  7:45  Grooved Spines  
  97  7:50  Extractor  
  97  7:51  Extractor  
  95  7:58  Overlord x3  
  95  7:59  Hydralisk x3  
  95  8:00  Hydralisk x3  
  107  8:16  Roach x3  
  107  8:17  Roach x3  
  119  8:21  Hatchery  
  118  8:27  Spore Crawler  
  118  8:28  Drone x2  
  113  8:35  Infestation Pit  
  113  8:41  Overlord x2  
  112  8:42  Hydralisk x3  
  112  8:43  Hydralisk x2  
  112  8:48  Tunneling Claws  
  122  8:49  Burrow  
  122  9:04  Hydralisk x3  
  122  9:05  Roach x2  
  122  9:08  Spore Crawler x2  
  130  9:10  Drone x5  
  130  9:17  Pathogen Glands  
  135  9:20  Roach x3  
  141  9:33  Drone x5  
  141  9:34  Drone x6  
  152  9:43  Roach x3  
  158  9:51  Roach x12  
  158  9:52  Overlord x2  
  158  9:53  Overlord  
  158  10:09  Extractor  
  155  10:14  Extractor  
  155  10:18  Hydralisk x12  
  155  10:19  Hydralisk  
  150  10:30  Infestor x5  
  160  10:42  Drone x3, Extractor  
  162  10:47  Roach x8  
  178  10:50  Roach x5  
  178  10:51  Hive  
  176  11:12  Overlord  
  176  11:13  Overlord  
  176  11:14  Roach x8  
  192  11:29  Zerg Ground Armor Level 1  
  192  11:46  Hatchery  
  191  11:47  Spore Crawler  
  191  11:49  Spore Crawler  
  191  11:51  Spore Crawler  
  186  12:01  Lurker Den  
  186  12:02  Viper x3  
  186  12:03  Viper x2  
  200  12:20  Spore Crawler x2  
  198  12:22  Spore Crawler  
  198  12:28  Spine Crawler x2  
  198  12:29  Drone x6, Spine Crawler  
  200  12:30  Drone, Spine Crawler x2  
  200  12:31  Drone x2, Spore Crawler  
  200  12:41  Evolution Chamber  
  200  12:42  Evolution Chamber x2  
  197  12:44  Evolution Chamber  
  197  12:49  Drone x2  
  197  12:50  Drone, Spore Crawler  
  197  12:51  Drone, Spore Crawler x2  
  197  12:52  Drone x2  
  197  12:56  Infestor x5  
  199  13:46  Spine Crawler x2  
  199  13:47  Spine Crawler  
  196  13:53  Overseer x3  
  196  13:54  Overseer, Extractor  
  196  13:55  Pneumatized Carapace  
  195  13:56  Zerg Missile Weapons Level 3, Extractor  
  195  13:58  Evolution Chamber  
  96  14:45  Hydralisk  
  96  14:46  Roach  
  96  14:47  Roach x17, Hydralisk x12  
  96  14:48  Hydralisk x16  
  186  14:53  Hydralisk x6  
  186  14:55  Infestor  
  186  14:56  Infestor x5  
  190  15:25  Lurker x11  
  193  15:29  Adaptive Talons  
  161  16:13  Roach x5  
  161  16:14  Roach x25  
Show
View Real Time Build Order
Export as new Build Order

HeIdErN Zerg 

Build Orders: Hatch First, Muta Ling Bane 

Get SALT Encoding   

  12  0:03  Drone  
  13  0:12  Overlord  
  13  0:17  Drone  
  14  0:31  Drone x2  
  16  0:51  Hatchery  
  15  1:03  Spawning Pool  
  14  1:06  Drone  
  14  1:10  Drone  
  16  1:13  Extractor  
  16  1:15  Drone  
  16  1:21  Drone  
  17  1:29  Drone  
  18  1:39  Drone  
  19  1:50  Overlord  
  19  1:58  Queen  
  19  2:00  Zergling x2  
  22  2:03  Queen  
  22  2:04  Drone  
  26  2:15  Drone x2  
  26  2:22  Zergling x2  
  28  2:26  Metabolic Boost  
  28  2:27  Drone  
  29  2:32  Drone  
  29  2:34  Queen  
  32  2:39  Drone  
  33  2:45  Baneling Nest  
  33  2:50  Drone x2  
  34  2:55  Overlord  
  34  3:12  Drone x3  
  36  3:22  Lair  
  36  3:24  Extractor  
  34  3:27  Zergling x4  
  34  3:28  Spine Crawler  
  34  3:30  Baneling  
  35  3:42  Baneling  
  35  3:44  Zergling x8  
  35  3:45  Zergling x8  
  43  4:06  Drone  
  43  4:08  Overlord  
  43  4:09  Extractor x2  
  42  4:13  Overlord  
  41  4:19  Hatchery  
  41  4:22  Drone x3  
  41  4:23  Baneling  
  42  4:37  Drone x2  
  42  4:38  Drone x3  
  44  4:46  Drone  
  44  4:47  Drone  
  45  4:54  Drone  
  45  4:56  Spire, Zergling x2  
  43  5:01  Zergling x4  
  43  5:02  Zergling x2  
  43  5:04  Zergling x2  
  43  5:05  Baneling  
  43  5:06  Baneling  
  46  5:16  Drone x2  
  50  5:28  Drone x3  
  50  5:29  Drone x4  
  55  5:37  Baneling  
  55  5:45  Drone x4  
  55  5:49  Overlord  
  59  5:52  Extractor  
  59  5:54  Drone x3  
  59  5:55  Drone  
  62  5:59  Overlord x2  
  62  6:08  Overlord  
  62  6:10  Mutalisk x3  
  68  6:15  Mutalisk x2  
  68  6:17  Extractor  
  71  6:25  Mutalisk x2  
  71  6:26  Mutalisk  
  68  6:55  Mutalisk x3  
  68  6:56  Mutalisk  
  71  7:01  Drone  
  71  7:02  Drone x7  
  71  7:03  Drone  
  78  7:12  Drone x2  
  80  7:16  Zerg Flyer Weapons Level 1  
  80  7:25  Drone x6  
  86  7:32  Hatchery  
  85  7:38  Overlord  
  85  7:40  Zergling x2  
  85  7:41  Zergling x4  
  86  7:48  Centrifical Hooks  
  86  7:51  Drone x4  
  88  7:53  Overlord x2  
  88  7:56  Queen, Overlord  
  88  7:58  Overlord  
  92  8:02  Drone  
  93  8:10  Evolution Chamber  
  92  8:18  Spine Crawler  
  92  8:19  Zergling x8  
  96  8:20  Zergling x2, Mutalisk x4  
  96  8:21  Mutalisk  
  106  8:36  Baneling x6  
  106  8:46  Drone x6  
  106  8:47  Drone x5  
  117  8:49  Queen  
  119  8:56  Zerg Melee Weapons Level 1  
  119  8:57  Zergling x6  
  119  8:58  Zergling x2  
  119  8:59  Overseer  
  123  9:03  Overseer  
  123  9:07  Drone x3  
  126  9:10  Extractor  
  126  9:13  Overseer  
  125  9:19  Zergling x10  
  125  9:22  Baneling x2  
  125  9:23  Baneling x7  
  125  9:24  Baneling x7  
  130  9:25  Baneling x2  
  130  9:27  Extractor  
  130  9:28  Drone x2  
  130  9:29  Drone x3  
  130  9:31  Spine Crawler  
  133  9:35  Zerg Flyer Weapons Level 2  
  133  9:39  Mutalisk  
  133  9:41  Overlord x4  
  135  9:59  Mutalisk x3  
  141  10:02  Mutalisk x3  
  141  10:03  Mutalisk x2  
  141  10:20  Zergling x2  
  141  10:21  Zergling x14  
  131  10:22  Zergling x6  
  131  10:26  Zergling x12  
  144  10:31  Zergling x8  
  148  10:39  Zergling x6  
  148  10:40  Zergling x6  
  154  10:48  Infestation Pit  
  154  10:49  Zergling x6  
  156  10:51  Evolution Chamber  
  155  10:57  Hatchery  
  155  10:59  Zergling x6, Overlord x3  
  155  11:00  Overlord  
  157  11:08  Overseer  
  157  11:11  Spine Crawler  
  157  11:13  Spine Crawler  
  155  11:21  Zergling x8  
  159  11:34  Overseer  
  159  11:41  Hive  
  159  11:44  Overseer  
  159  11:52  Hatchery  
  159  11:53  Zergling x4  
  159  11:54  Zergling x14  
  163  11:55  Zergling x14  
  163  11:56  Zergling x10  
  163  11:57  Zergling x2  
  180  12:05  Baneling x6  
  180  12:06  Baneling x7  
  180  12:07  Baneling x7  
  180  12:08  Baneling x7  
  180  12:09  Zergling x4, Baneling x2  
  180  12:10  Baneling x5  
  180  12:11  Baneling x7  
  180  12:12  Baneling x7  
  180  12:13  Baneling x7  
  180  12:14  Baneling x3  
  180  12:15  Zergling x14  
  188  12:16  Zergling x6  
  188  12:19  Zerg Melee Weapons Level 2  
  188  12:21  Zerg Ground Armor Level 1  
  192  12:37  Zergling x6  
  192  12:38  Zergling x8  
  199  12:46  Pneumatized Carapace  
  199  12:53  Baneling x7  
  199  12:54  Baneling x7  
  199  12:55  Baneling x7  
  199  12:56  Baneling x7  
  199  12:57  Baneling x6  
  199  12:59  Baneling  
  199  13:00  Baneling x7  
  199  13:01  Baneling x7  
  199  13:02  Baneling x5  
  199  13:03  Baneling  
  199  13:08  Ultralisk Cavern  
  199  13:10  Overlord x2  
  198  13:14  Overlord  
  198  13:16  Baneling x3  
  198  13:17  Baneling x4  
  198  13:18  Baneling x2  
  198  13:19  Baneling  
  198  13:23  Overlord  
  198  13:43  Drone  
  199  14:02  Chitinous Plating  
  199  14:03  Overlord x2  
  197  14:13  Overlord x2  
  197  14:29  Zergling x4  
  197  14:30  Ultralisk  
  194  14:32  Ultralisk  
  163  14:39  Ultralisk x5  
  163  14:40  Ultralisk, Zergling x4  
  163  14:41  Zergling x4  
  163  14:42  Zergling x4  
  163  14:43  Zergling x4  
  142  14:45  Zergling x4  
  142  14:47  Zergling x4  
  142  14:49  Zergling x2  
  141  14:53  Zergling x8  
  138  15:08  Drone x3  
  138  15:09  Drone x2  
  138  15:10  Drone x7  
  138  15:13  Unknown x8, Overseer  
  147  15:21  Overseer  
  147  15:26  Ultralisk x2  
  159  15:29  Spore Crawler  
  158  15:43  Baneling  
  158  15:45  Baneling x5  
  158  15:46  Baneling x8  
  158  15:47  Baneling x6  
  158  15:48  Baneling x4  
  158  15:50  Zergling x4  
  158  15:51  Zergling x12  
  162  16:05  Zergling x14  
  158  16:16  Overlord x4  
  158  16:17  Zergling x6  
  158  16:18  Overseer, Zergling x6  
  145  16:33  Overseer x3, Unknown  
  145  16:34  Overseer x3, Unknown x3  
  145  16:36  Zergling x6  
  145  16:37  Zergling x10  
  153  16:45  Zergling x6  
  130  16:49  Zergling x2  
  130  16:50  Zergling x4  
Tags
 
Add a new tag
Caveats
  • Supply blocks, unpowered buildings, or Contaminate may cause inaccurate times.
  • Supply counts are checked every 10 seconds.